 Dungeon Crawl Stone Soup version 0.26-a0-672-g1df16c3386 (webtiles) character file.

Game seed: 5857969818106678115

8806 lunkers the Frost Mage (level 11, -8/69 HPs)
             Began as an Octopode Ice Elementalist on Oct 16, 2020.
             Was a Believer of Vehumet.
             Killed from afar by an electric eel (10 damage)
             ... with a bolt of electricity
             ... on level 10 of the Dungeon on Oct 19, 2020.
             The game lasted 00:24:46 (13572 turns).

lunkers the Frost Mage (Octopode Ice Elementalist) Turns: 13572, Time: 00:24:47

Health: -8/69      AC:  1    Str: 13    XL:     11   Next: 36%
Magic:  24/32      EV: 17    Int: 28    God:    Vehumet [**....]
Gold:   798        SH:  6    Dex: 12    Spells: 17/27 levels left

rFire    . . .     SeeInvis +   s - +1 trident (protect)
rCold    + . .     Faith    .   i - +1 buckler
rNeg     . . .     Spirit   .   D - +0 hat {SInv}
rPois    .         Reflect  .   (no amulet)
rElec    .         Harm     .   l - +4 ring of evasion
rCorr    .         Rampage  .   g - +6 ring of strength
MR       ++...                  d - ring of protection from cold
Stlth    +++.......             j - ring of protection from magic
HPRegen  0.21/turn              p - ring of see invisible
MPRegen  0.23/turn              b - ring of magical power
                                n - ring of protection from magic
                                C - +6 ring of intelligence

@: no status effects
A: almost no armour, stealthy swim, amphibious, 8 rings, constrict 8, camouflage
1, gelatinous body 1
a: Renounce Religion


You were on level 10 of the Dungeon.
You worshipped Vehumet.
Vehumet was pleased with you.
You visited 2 branches of the dungeon, and saw 11 of its levels.
You also visited: Ossuary.

You collected 798 gold pieces.

Inventory:

Hand Weapons
 k - a +2 spectral club
 s - a +1 trident of protection (weapon)
Armour
 i - a +1 buckler (worn)
 D - a +0 hat of see invisible (worn)
Jewellery
 b - a ring of magical power (on tentacle)
 d - a ring of protection from cold (on tentacle)
 g - a +6 ring of strength (right tentacle)
 j - a ring of protection from magic (on tentacle)
 l - a +4 ring of evasion (left tentacle)
 n - a ring of protection from magic (on tentacle)
 p - a ring of see invisible (on tentacle)
 C - a +6 ring of intelligence (on tentacle)
Wands
 w - a wand of random effects (22)
 y - a wand of digging (6)
Scrolls
 a - 2 scrolls of magic mapping
 c - 7 scrolls of teleportation
 r - 3 scrolls of remove curse
 t - a scroll of enchant armour
 x - a scroll of holy word
 B - 2 scrolls of blinking
Potions
 e - 2 potions of haste
 f - 2 potions of lignification
 h - 6 potions of curing
 m - 5 potions of heal wounds
 o - 2 potions of cancellation
 q - 2 potions of flight
 u - a potion of resistance
 v - a potion of stabbing
 z - 2 potions of brilliance
 A - a potion of magic {unknown}


   Skills:
 + Level 4.1 Fighting
 - Level 2.0 Dodging
 - Level 2.6 Stealth
 - Level 4.0 Shields
 - Level 8.9 Spellcasting
 * Level 13.4 Ice Magic


You had 17 spell levels left.
You knew the following spells:

 Your Spells              Type           Power        Failure   Level
b - Frozen Ramparts       Ice            ######       1%          3
c - Ozocubu's Armour      Ice            ######..     1%          3
d - Summon Ice Beast      Ice/Summ       ######..     2%          4

Your spell library contained the following spells:

 Spells                   Type           Power        Failure   Level
 Inner Flame              Hex/Fire       ##......     14%         3
 Freeze                   Ice            ####         1%          1
 Hailstorm                Conj/Ice       ######..     2%          4
 Shock                    Conj/Air       ##..         4%          1
 Poisonous Vapours        Pois/Air       ##....       7%          2
 Swiftness                Air            ##......     7%          2
 Conjure Flame            Conj/Fire      ##......     14%         3
 Mephitic Cloud           Conj/Pois/Air  ##......     14%         3
 Static Discharge         Conj/Air       ##......     14%         3
 Airstrike                Air            ##........   41%         4
 Freezing Cloud           Conj/Ice/Air   #####.....   73%         6
 Lightning Bolt           Conj/Air       ##........   77%         5


Dungeon Overview and Level Annotations

Branches:
Dungeon (10/15)            Temple (1/1) D:5            Lair (0/6) D:9
    Orc (0/2) D:9         Ossuary (visited)

Altars:
Ashenzari
Cheibriados
Dithmenos
Elyvilon
Fedhas
Gozag
Hepliaklqana
Kikubaaqudgha
Makhleb
Nemelex Xobeh
Okawaru
Qazlal
Ru
Sif Muna
Trog
Uskayaw
Vehumet
Wu Jian
Xom
Yredelemnul
Zin
The Shining One

Shops:
D:6 *


Innate Abilities, Weirdness & Mutations

You cannot wear most types of armour.
You are very stealthy in the water. (Stealth+)
You are amphibious.
You can wear up to eight rings at the same time.
You can use your tentacles to constrict eight enemies at once.
Your skin changes colour to match your surroundings (Stealth+).
Your rubbery body absorbs attacks. (AC +1, EV +1)


Message History

The electric eel shoots out a bolt of lightning at you!
The bolt of electricity hits your ice beast!
The bolt of electricity hits you!
* * * LOW HITPOINT WARNING * * *
The electric eel shoots out a bolt of lightning at you!
The bolt of electricity hits you!
* * * LOW HITPOINT WARNING * * *
Unknown command.
The electric eel shoots out a bolt of lightning at you!
The bolt of electricity hits your ice beast.
The bolt of electricity hits you!
* * * LOW HITPOINT WARNING * * *
The electric eel shoots out a bolt of lightning at you!
The bolt of electricity hits your ice beast!
The bolt of electricity misses you.
The electric eel shoots out a bolt of lightning at you!
The bolt of electricity hits the plant!
The plant begins to die.
The bolt of electricity hits your ice beast.
The bolt of electricity hits you!
You die...

.......Y...# #..#
......≈.PP≈♣♣#..#
≈≈≈≈≈≈≈≈≈≈≈≈≈≈..#
≈≈P≈≈P†≈≈≈≈≈≈≈≈.#
≈≈≈≈≈≈≈;≈≈≈≈≈♣..#
≈P≈≈≈≈≈≈≈PY♣≈...#
P≈≈P≈≈≈≈♣♣♣.Y...#
≈≈P≈P≈≈###......#
##♣♣♣♣♣♣# #....@.#
........####......#
..................#
..................#
.........###......#
.........# #......#
.........# #......#
.........# #......#
.........# #......#


You could see an electric eel and 2 friendly ice beasts.

Vanquished Creatures
  A komodo dragon (D:9)
  A troll (D:9)
  A hornet (D:8)
  Prince Ribbit (D:5)
  A vampire (D:8)
  Sigmund (D:4)
  A basilisk (D:9)
  2 wyverns
  Menkaure (D:7)
  Edmund (D:4)
  A black bear (D:7)
  An orc warrior (D:9)
  2 ice beasts (D:6)
  2 phantoms
  3 sky beasts
  3 ogres
  A necrophage (D:7)
  A centaur (D:8)
  8 bullfrogs
  A big kobold (D:8)
  A wyvern zombie (D:7)
  2 scorpions (D:5)
  6 killer bees (D:7)
  An electric eel (D:10)
  6 wights
  3 howler monkeys
  A crimson imp (D:7)
  4 orc priests
  A hound (D:4)
  A jelly (D:8)
  5 orc wizards
  A bullfrog skeleton (D:5)
  2 centaur skeletons
  Ijyb (D:3)
  Jessica (D:3)
  3 worker ants
  Natasha (thrice) (D:3)
  A big kobold zombie (Ossuary)
  8 mummies (Ossuary)
  10 gnolls
  18 adders
  A shadow imp (D:8)
  4 white imps
  An ufetubus (D:8)
  3 oozes
  2 adder zombies
  An adder skeleton (D:6)
  A worm (D:4)
  2 dart slugs (D:1)
  3 leopard geckos
  49 orcs
  4 giant cockroaches
  5 hobgoblins
  12 jackals
  3 quokkas
  17 bats
  6 frilled lizards
  11 goblins
  A hobgoblin zombie (Ossuary)
  A jackal skeleton (D:6)
  6 kobolds
  5 kobold zombies (Ossuary)
  An orc zombie (Ossuary)
  2 quokka skeletons
  8 rats
262 creatures vanquished.

Vanquished Creatures (collateral kills)
  Gastronok (D:9)
  3 two-headed ogres
  2 komodo dragons (D:9)
  2 trolls
  A steam dragon (D:9)
  An orc warrior (D:8)
  2 phantoms (D:8)
  An ogre (D:8)
  3 wights (D:8)
  An electric eel (D:10)
  A hound (D:9)
  2 orc wizards
  2 iguanas
  A worker ant (D:8)
  11 orcs
34 creatures vanquished.

Vanquished Creatures (others)
  4 plants (D:10)
4 creatures vanquished.

Grand Total: 300 creatures vanquished

Notes
Turn   | Place    | Note
-------+----------+-------------------------------------------
     0 | D:1      | lunkers the Octopode Ice Elementalist began the quest for
                  | the Orb.
     0 | D:1      | Reached XP level 1. HP: 11/11 MP: 3/3
   184 | D:1      | Reached XP level 2. HP: 13/17 MP: 0/5
   492 | D:1      | Upgraded the game from 0.26-a0-667-g92642533e4 to
                  | 0.26-a0-672-g1df16c3386
   693 | D:1      | Reached XP level 3. HP: 20/21 MP: 3/6
   903 | D:1      | Learned a level 3 spell: Frozen Ramparts
   907 | D:1      | Learned a level 3 spell: Ozocubu's Armour
  1101 | D:2      | Reached skill level 5 in Ice Magic
  1175 | D:2      | Reached XP level 4. HP: 27/27 MP: 4/8
  2123 | D:3      | Noticed Ijyb
  2130 | D:3      | Noticed Jessica
  2133 | D:3      | HP: 1/27 [Ijyb/puff of flame (7)]
  2134 | D:3      | Killed Ijyb
  2134 | D:3      | Reached XP level 5. HP: 1/31 MP: 1/9
  2139 | D:3      | Killed Jessica
  2438 | D:3      | Noticed Natasha
  2440 | D:3      | Killed Natasha
  2569 | D:3      | Reached skill level 6 in Ice Magic
  2574 | D:3      | Reached XP level 6. HP: 32/36 MP: 5/11
  2796 | D:3      | Noticed Natasha
  2810 | D:3      | Killed Natasha
  2975 | D:3      | Noticed Natasha
  2982 | D:3      | Killed Natasha
  2988 | D:3      | Learned a level 4 spell: Summon Ice Beast
  3115 | D:4      | Noticed Edmund
  3198 | D:4      | Killed Edmund
  3490 | D:4      | Found a hide-covered altar of Uskayaw.
  3490 | D:4      | Noticed a +0 dagger
  3490 | D:4      | Noticed a +0 dagger
  3514 | D:4      | Reached skill level 7 in Ice Magic
  3514 | D:4      | Reached XP level 7. HP: 41/41 MP: 10/13
  3559 | D:4      | Found an opulent altar of Gozag.
  3559 | D:4      | Found a hazy altar of Hepliaklqana.
  3559 | D:4      | Found an iron altar of Okawaru.
  3667 | D:4      | Reached skill level 1 in Shields
  4081 | D:4      | Noticed Sigmund
  4087 | D:4      | Killed Sigmund
  4195 | D:4      | Reached XP level 8. HP: 38/46 MP: 11/15
  4370 | D:4      | Found a shimmering blue altar of Sif Muna.
  4403 | D:5      | Entered Level 5 of the Dungeon
  4429 | D:5      | Reached skill level 8 in Ice Magic
  4657 | D:5      | Noticed Prince Ribbit
  4668 | D:5      | Killed Prince Ribbit
  4668 | D:5      | Reached skill level 5 in Spellcasting
  5628 | D:5      | Found a staircase to the Ecumenical Temple.
  6107 | Temple   | Entered the Ecumenical Temple
  6356 | D:6      | Found a sand-covered staircase.
  6361 | Ossuary  | Entered an ossuary
  6716 | Ossuary  | Reached skill level 9 in Ice Magic
  7323 | D:6      | Reached XP level 9. HP: 44/51 MP: 17/17
  7465 | D:6      | Found Deafren's General Store.
  8003 | D:7      | Reached skill level 10 in Ice Magic
  8059 | D:7      | Noticed Menkaure
  8075 | D:7      | Killed Menkaure
  8691 | D:7      | Reached skill level 11 in Ice Magic
  9032 | D:7      | Found a shimmering altar of Xom.
  9071 | D:7      | Reached XP level 10. HP: 56/56 MP: 20/20
  9194 | D:7      | Found a radiant altar of Vehumet.
  9195 | D:7      | Found a burning altar of Makhleb.
  9401 | D:7      | Became a worshipper of Vehumet
  9969 | D:8      | Reached * piety under Vehumet
  9969 | D:8      | Offered knowledge of Sandblast by Vehumet.
 10267 | D:8      | Noticed a two-headed ogre
 10283 | D:8      | Killed a two-headed ogre
 10283 | D:8      | Reached skill level 12 in Ice Magic
 11038 | D:8      | Reached skill level 1 in Fighting
 11553 | D:9      | Noticed a two-headed ogre
 11562 | D:9      | Killed a two-headed ogre
 11990 | D:9      | Reached XP level 11. HP: 58/66 MP: 23/23
 12046 | D:9      | Reached skill level 13 in Ice Magic
 12134 | D:9      | Reached ** piety under Vehumet
 12134 | D:9      | Offered knowledge of Shock by Vehumet.
 12368 | D:9      | Found a staircase to the Lair.
 12462 | D:9      | Noticed a two-headed ogre
 12470 | D:9      | Killed a two-headed ogre
 12803 | D:9      | Found a staircase to the Orcish Mines.
 12965 | D:9      | Found an ornate altar of the Wu Jian Council.
 13074 | D:9      | Noticed Gastronok
 13093 | D:9      | Killed Gastronok
 13508 | D:10     | Entered Level 10 of the Dungeon
 13512 | D:10     | Offered knowledge of Inner Flame by Vehumet.
 13567 | D:10     | HP: 1/69 [electric eel/bolt of electricity (12)]
 13572 | D:10     | Killed from afar by an electric eel

Illustrated notes

Levels and vault maps discovered:
D:1:      beargit_arrival_greenhouse, layout_basic
D:2:      layout_rooms, roderic_roman_lattice, chequers_serial_rivers_micro_d,
          kennysheep_generic_room_7
D:3:      layout_loops_ring, st_stairs_6, uniq_ijyb, uniq_natasha, uniq_jessica
D:4:      layout_loops_ring, chequers_temple_overflow_statue_of_worship,
          kennysheep_little_box, dancing_weapons_uskayaw, uniq_sigmund,
          uniq_edmund
D:5:      layout_layer_cave, minmay_temple_entry_antechambers,
          uniq_prince_ribbit1
D:6:      layout_basic, serial_shops, shop, nicolae_ossuary_entry_plus
D:7:      layout_loops_ring, grunt_temple_overflow_lords_of_destruction,
          kennysheep_mini, uniq_menkaure
D:8:      layout_rooms, serial_park_tiny_pond, chequers_serial_rivers_micro_e
D:9:      layout_basic, lemuel_round_altar, erik_lair_dragon, hiddenorc2_lemuel,
          uniq_gastronok
D:10:     minmay_chambers_of_sevens, layout_long_grid, serial_shops, shop,
          basic_altar, serial_bayou, serial_bayou_pond_a, serial_bayou_pond_e,
          serial_bayou_pond_e, serial_bayou_ford_a, serial_bayou_shore_a
Temple:   dshaligram_water_room_temple

Skill      XL: |  1  2  3  4  5  6  7  8  9 10 11 |
---------------+----------------------------------+-----
Ice Magic      | 5 6 7 9 11 12 13 | 13.4
Spellcasting   | 3 4 5 7 8 |  8.9
Shields        | 2 4 |  4.0
Fighting       | 2 4 |  4.1
Dodging        | |  2.0
Stealth        | |  2.6

Action                   |  1- 3 |  4- 6 |  7- 9 | 10-12 || total
-------------------------+-------+-------+-------+-------++-------
Melee: Unarmed           |     6 |       |       |       ||     6
       Constrict         |     3 |       |    27 |    27 ||    57
       Tentacles         |     1 |       |    29 |    25 ||    55
       Hand axe          |       |     1 |       |       ||     1
       Trident           |       |       |   141 |   136 ||   277
       Club              |       |       |    26 |       ||    26
 Cast: Freeze            |    49 |    62 |   119 |    15 ||   245
       Frozen Ramparts   |       |     5 |    14 |    24 ||    43
       Ozocubu's Armour  |       |       |     8 |     2 ||    10
       Summon Ice Beast  |       |       |       |    57 ||    57
  Use: Scroll            |     4 |     3 |    12 |     1 ||    20
       Potion            |       |       |     1 |       ||     1
 Stab: Sleeping          |       |       |     4 |     5 ||     9
Armor: Skin              |    10 |     3 |    35 |    12 ||    60
Dodge: Dodged            |    37 |    39 |   188 |   132 ||   396
Block: Buckler           |       |       |    74 |    55 ||   129

Table legend: (Time is in decaauts)
 A = Elapsed time spent in this place.
 B = Non-inter-level travel time spent in this place.
 C = Inter-level travel time spent in this place.
 D = Time resting spent in this place.
 E = Time spent auto-exploring this place.
 F = Levels seen in this place.
 G = Mean time per level.
                   A        B        C        D        E       F      G
               +--------+--------+--------+--------+--------+-----+--------+
         Total |  13664 |  13333 |    331 |    563 |  10548 |  12 | 1138.7 |
       Dungeon |  12855 |  12550 |    305 |    415 |  10080 |  10 | 1285.5 |
        Temple |     94 |     69 |     25 |      0 |     69 |   1 |   94.0 |
       Ossuary |    714 |    714 |      0 |    148 |    399 |   1 |  714.0 |
               +--------+--------+--------+--------+--------+-----+--------+

Top non-repeatable levels by time:
     D:9: 2018 daAuts
     D:8: 1977 daAuts
     D:7: 1643 daAuts
     D:5: 1575 daAuts
     D:4: 1443 daAuts
     D:3: 1117 daAuts
     D:6: 1023 daAuts
     D:2: 1020 daAuts
     D:1: 970 daAuts
 Ossuary: 714 daAuts
  Temple: 94 daAuts
    D:10: 65 daAuts
